AoeStats
← iAlejandrouae

Arena

505890224Analyzed
4v4 RM · 22d ago on Sep 11, 2026· 49m 32s· 8 players
Game mode
Random Map
Map size
Large (8 player)
Population
200
Speed
Normal
Resources
Standard
Victory
Conquest
Starting age
Dark Age
Ending age
Imperial Age
RankedLock teamsTeams togetherTeam positionsShared explorationLock speedFull tech treeHidden civsTurbo modeCheats
Victory
Defeat
🇦🇷 Persians · Argentina
1579
+10
🇵🇪 Khmer · Peru
1439
+15
🇨🇦 Lithuanians · Canada
1415
+16
🇨🇴 Italians · Colombia
1368
+17
🇭🇰 Vietnamese · Hong Kong SAR China
1439
-15
🇹🇼 Italians · Taiwan
1433
-15
🇨🇳 Muisca · China
1426
-15
🇨🇳 Franks · China
1389
-13
腿短雞雞長
11:10 Feudal Age
11:48 Double-Bit Axe
12:15 Horse Collar
14:44 Castle Age
15:45 Bow Saw
20:30 Wheelbarrow
20:42 Heavy Plow
25:31 Imperial Age
23:26 Gold Mining
23:25 Loom
23:47 Fletching
23:25 Light Cavalry
24:43 Hand Cart
24:30 Stone Mining
29:06 Chemistry
30:37 Town Watch
31:08 Bodkin Arrow
31:32 Padded Archer Armor
32:04 Bracer
33:36 Ballistics
35:33 Bloodlines
36:42 Leather Archer Armor
36:41 Thumb Ring
37:05 Husbandry
37:11 Scale Barding Armor
38:08 Forging
38:29 Conscription
38:56 Chain Barding Armor
37:59 Hussar
39:15 Town Patrol
40:19 Iron Casting
42:21 Plate Barding Armor
43:15 Two-Man Saw
43:44 Blast Furnace
43:16 Fortified Wall
43:44 Stone Shaft Mining
43:46 Guilds
43:37 Elite Genoese Crossbowman
old f1sh
9:38 Feudal Age
9:30 Loom
13:18 Castle Age
14:22 Double-Bit Axe
26:33 Horse Collar
29:55 Gold Mining
30:21 Bow Saw
survivorsteven
10:46 Feudal Age
14:34 Castle Age
13:10 Double-Bit Axe
13:56 Horse Collar
14:43 Gold Mining
21:19 Wheelbarrow
22:06 Bow Saw
22:17 Heavy Plow
23:21 Hand Cart
23:18 Stone Mining
25:29 Scale Mail Armor
28:04 Imperial Age
25:21 Loom
25:21 Town Watch
27:07 Chain Mail Armor
28:40 Stone Shaft Mining
28:21 Forging
28:53 Squires
30:20 Two-Man Saw
29:53 Crop Rotation
28:50 Elite Fire Lancer
30:33 Pikeman
33:07 Plate Mail Armor
33:13 Iron Casting
32:15 Halberdier
34:01 Chemistry
33:27 Fletching
33:59 Ballistics
35:15 Paper Money
35:08 Elite Skirmisher
36:37 Bodkin Arrow
36:43 Padded Archer Armor
36:42 Imperial Skirmisher
37:28 Thumb Ring
38:58 Bracer
39:13 Leather Archer Armor
38:41 Treadmill Crane
42:41 Hoardings
42:40 Ring Archer Armor
42:15 Scale Barding Armor
43:43 Siege Engineers
V我50%匡扶汉室
0:31 Loom
5:13 Loom
10:16 Feudal Age
14:59 Castle Age
15:25 Double-Bit Axe
18:12 Bow Saw
22:56 Wheelbarrow
24:26 Gold Mining
25:40 Hand Cart
26:09 Gold Shaft Mining
26:11 Scale Barding Armor
26:20 Stone Mining
26:47 Husbandry
29:54 Chain Barding Armor
29:45 Forging
32:25 Imperial Age
32:54 Iron Casting
32:30 Cavalier
33:47 Plate Barding Armor
35:04 Blast Furnace
34:18 Paladin
38:53 Chemistry
38:51 Pikeman
39:32 Squires
39:18 Arson
41:17 Fortified Wall
40:33 Halberdier
42:11 Light Cavalry
44:04 Scale Mail Armor
uribeparacohp
6:12 Loom
8:28 Feudal Age
8:53 Double-Bit Axe
11:03 Fletching
17:21 Wheelbarrow
22:11 Castle Age
22:16 Horse Collar
29:27 Imperial Age
28:22 Bodkin Arrow
29:50 Padded Archer Armor
31:06 Conscription
34:19 Bracer
34:35 Leather Archer Armor
37:27 Elite Genoese Crossbowman
47:41 Ring Archer Armor
47:48 Ballistics
48:29 Chemistry
old man
8:51 Loom
10:36 Feudal Age
10:47 Feudal Age
15:20 Castle Age
13:06 Double-Bit Axe
16:24 Wheelbarrow
17:59 Forging
22:09 Horse Collar
24:04 Wheelbarrow
23:52 Bow Saw
24:18 Loom
29:33 Imperial Age
29:42 Imperial Age
27:28 Hand Cart
27:21 Scale Barding Armor
27:31 Masonry
27:50 Bloodlines
27:40 Husbandry
27:58 Gold Mining
29:23 Chain Barding Armor
29:39 Iron Casting
29:51 Stone Mining
30:34 Heavy Plow
31:14 Plate Barding Armor
31:59 Chemistry
31:48 Scale Mail Armor
31:58 Arson
32:20 Squires
32:13 Fletching
32:23 Padded Archer Armor
32:47 Thumb Ring
32:02 Elite Skirmisher
33:50 Stone Shaft Mining
34:30 Conscription
35:16 Hoardings
35:38 Chain Mail Armor
35:13 Pikeman
35:54 Elite Skirmisher
38:21 Two-Man Saw
36:51 Cavalier
38:31 Leather Archer Armor
38:11 Bodkin Arrow
38:33 Town Watch
42:05 Ballistics
42:16 Architecture
45:47 Ring Archer Armor
45:17 Bracer
45:26 Town Patrol
45:47 Tower Shields
47:34 Halberdier
iAlejandrouae
10:26 Feudal Age
14:06 Castle Age
12:17 Horse Collar
13:07 Double-Bit Axe
16:25 Bloodlines
22:06 Forging
25:59 Wheelbarrow
25:10 Town Watch
26:15 Devotion
27:08 Iron Casting
27:05 Husbandry
27:26 Scale Barding Armor
27:23 Loom
31:58 Imperial Age
30:11 Chain Barding Armor
30:05 Bow Saw
31:00 Gold Mining
31:35 Cavalier
33:20 Blast Furnace
34:27 Coinage
35:00 Plate Barding Armor
35:10 Savar
36:33 Banking
39:16 Padded Archer Armor
40:17 Chemistry
40:40 Stone Mining
42:14 Thumb Ring
41:29 Crossbowman
43:01 Fletching
43:27 Leather Archer Armor
43:56 Bodkin Arrow
45:45 Conscription
46:28 Caravan
47:09 Gold Shaft Mining
CROVERS
5:18 Loom
9:38 Feudal Age
14:38 Castle Age
13:43 Double-Bit Axe
13:43 Horse Collar
20:14 Light Cavalry
22:40 Bloodlines
22:31 Husbandry
22:50 Scale Barding Armor
24:58 Forging
25:49 Husbandry
27:18 Wheelbarrow
26:28 Loom
31:04 Imperial Age
29:42 Gold Mining
30:35 Iron Casting
31:41 Hand Cart
32:11 Conscription
33:05 Gold Shaft Mining
32:34 Double Crossbow
33:28 Town Watch
34:08 Bow Saw
38:11 Chemistry
37:32 Ballistics
37:39 Heavy Scorpion
Connection lost

Rejoining the realm…

Still unreachable

The connection could not be restored.

Session expired

The server has moved on; the page needs a fresh start.